 Dungeon Crawl Stone Soup version 0.30.0-29-ga12c61a403 (webtiles) character file.

Game seed: 3657535414365089612

26530 DemonSlayer the Thaumaturge (level 12, -5/81 HPs)
             Began as a Demonspawn Earth Elementalist on June 20, 2023.
             Was an Elder of Dithmenos.
             Slain by Rupert
             ... wielding a +2 great mace of holy wrath
              (8 damage)
             ... on level 13 of the Dungeon.
             The game lasted 00:44:17 (22185 turns).

DemonSlayer the Thaumaturge (DsEE)                 Turns: 22185, Time: 00:44:18

Health: -5/81      AC:  8    Str: 10    XL:     12   Next: 99%
Magic:  2/27       EV: 19    Int: 16    God:    Dithmenos [****..]
Gold:   830        SH: 10    Dex: 21    Spells: 20/34 levels left

rFire   . . .        D - +4 dagger (protect)
rCold   . . .        F - +0 buckler
rNeg    . . .        n - +2 robe "Isamor" {rElec Dex+3}
rPois   .            (helmet unavailable)
rElec   +            I - scarf {shadows}
rCorr   .            p - +0 pair of gloves
SInv    +            k - +2 pair of boots {Stlth+}
Will    .....        G - amulet of reflection
Stlth   +++++++++    g - ring of wizardry
HPRegen 0.33/turn    E - +5 ring of evasion
MPRegen 0.20/turn

%: reflection, wizardry (x1)
@: hasted, wreathed by umbra, very quick
A: antennae 3, demonic magic 1, weakness stinger 1, demonic touch 2
a: Renounce Religion, Shadow Step


You were on level 13 of the Dungeon.
You worshipped Dithmenos.
Dithmenos was greatly pleased with you.
You visited 3 branches of the dungeon, and saw 15 of its levels.
You also visited: Bailey.

You collected 861 gold pieces.
You spent 31 gold pieces at shops.

Inventory:

Hand Weapons
 D - a +4 dagger of protection (weapon)
Missiles
 H - 2 curare-tipped darts
Armour
 k - a +2 pair of boots of stealth (worn)
 n - the +2 robe "Isamor" (worn) {rElec Dex+3}
   (You found it on level 2 of the Dungeon)

   Dex:       It affects your dexterity (+3).
   rElec:     It insulates you from electricity.
 p - a +0 pair of gloves (worn)
 F - a +0 buckler (worn)
 I - a scarf of shadows (worn)
Jewellery
 g - a ring of wizardry (left hand)
 E - a +5 ring of evasion (right hand)
 G - an amulet of reflection (around neck)
Wands
 d - a wand of flame (27)
 v - a wand of paralysis (18)
Scrolls
 a - 8 scrolls of magic mapping
 b - 3 scrolls of torment
 f - a scroll of immolation
 i - 5 scrolls of poison
 o - 2 scrolls of identify
 q - 2 scrolls of amnesia
 s - a scroll of vulnerability {unknown}
 u - 3 scrolls of enchant armour {unknown}
 y - 5 scrolls of teleportation
 A - 3 scrolls of fog
 C - a scroll of blinking
Potions
 c - 10 potions of heal wounds
 e - 4 potions of brilliance
 j - a potion of mutation {unknown}
 m - 3 potions of haste
 r - 2 potions of lignification {unknown}
 t - 2 potions of cancellation {unknown}
 w - 2 potions of ambrosia
 x - a potion of might
 z - a potion of resistance {unknown}
 B - a potion of attraction {unknown}


   Skills:
 + Level 3.5 Fighting
 + Level 4.6 Short Blades
 + Level 1.0 Throwing
 + Level 4.0 Dodging
 + Level 10.5 Stealth
 + Level 2.3 Shields
 + Level 11.5 Spellcasting
 + Level 6.8 Conjurations
 + Level 1.0 Transmutations
 + Level 10.5 Earth Magic
 + Level 1.1 Evocations


You had 20 spell levels left.
You knew the following spells:

 Your Spells              Type           Power      Damage    Failure   Level
a - Sandblast             Erth           86%        2d18      1%          1
b - Passwall              Tmut/Erth      22%        N/A       1%          2
c - Stone Arrow           Conj/Erth      74%        3d11      1%          3
d - Dispel Undead         Necr           9%         3d8       41%         4
e - Petrify               Tmut/Erth      27%        N/A       4%          4

Your spell library contained the following spells:

 Spells                   Type           Power      Damage    Failure   Level
 Beastly Appendage        Tmut           24%        N/A       3%          1
 Apportation              Tloc           18%        N/A       4%          1
 Necrotise                Necr           36%        1d5       4%          1
 Summon Small Mammal      Summ           36%        N/A       4%          1
 Wereblood                Tmut           12%        N/A       4%          2
 Cigotuvi's Dreadful Rot  Necr/Pois/Air  18%        N/A       7%          2
 Iskenderun's Battlesphe  Conj           31%        2d8       8%          5
 Spider Form              Tmut/Pois      10%        N/A       12%         3
 Ozocubu's Armour         Ice            9%         N/A       14%         3
 Fireball                 Conj/Fire      10%        3d6       30%         5
 Manifold Assault         Tloc           9%         N/A       41%         4
 Metabolic Englaciation   Hex/Ice        4%         N/A       75%         5
 Conjure Ball Lightning   Conj/Air       10%        3x3d6     83%         6
 Orb of Destruction       Conj           15%        9d7       89%         7
 Death Channel            Necr           4%         N/A       99%         6
 Dispersal                Tloc           4%         N/A       99%         6
 Simulacrum               Ice/Necr       4%         N/A       99%         6
 Disjunction              Tloc           4%         N/A       100%        8


Dungeon Overview and Level Annotations

Branches:
Dungeon (13/15)            Temple (1/1) D:5            Lair (1/5) D:9
    Orc (0/2) D:9          Bailey (visited)
 Vaults: D:13-14

Altars:
Ashenzari
Cheibriados
Dithmenos
Fedhas
Gozag
Hepliaklqana
Kikubaaqudgha
Makhleb
Nemelex Xobeh
Okawaru
Qazlal
Ru
Sif Muna
Trog
Uskayaw
Vehumet
Wu Jian
Xom
Yredelemnul

Shops:
D:13 *=

Annotations:
D:13 Rupert


Innate Abilities, Weirdness & Mutations

You have a pair of large antennae on your head. (SInv)
Spells you cast may paralyse adjacent enemies.
You have a small tail.
Your touch may inflict irresistible damage on your foes.


Message History

The shadow shard hits Kirke!!
The stone arrow hits Kirke!!
Kirke is almost dead.
Malevolent energies surge around you.
Kirke points at you and mumbles some strange words.
You struggle to resist.
The stone arrow hits Kirke!
Kirke is almost dead.
Malevolent energies surge around you.
Kirke mumbles some strange words.
Kirke flickers and vanishes for a moment.
Rupert roars madly and goes into a rage!
Rupert goes berserk!
The stone arrow hits Kirke!!
You kill Kirke!
Dithmenos accepts your kill. Malevolent energies surge around you.
Your Throwing skill increases to level 1!
Your Dodging skill increases to level 4!
Your Transmutations skill increases to level 1!
The blast of sand hits Rupert.
Rupert is lightly wounded.
Malevolent energies surge around you.
Rupert hits you with a +2 great mace of holy wrath!!
You convulse!!
Rupert hits you with a +2 great mace of holy wrath!
* * * LOW HITPOINT WARNING * * *
You convulse.
* * * LOW HITPOINT WARNING * * *
Unknown command.
Blink to where?
Press: ? - help, Dir - move target, p - Rupert
As you read the scroll of blinking, it crumbles to dust.
You feel yourself speed up.
Rupert rages.
Rupert attacks as you move away!
Rupert hits you with a +2 great mace of holy wrath!
* * * LOW HITPOINT WARNING * * *
You convulse!
You die...

####......# #~~~~...♣.#
~~.≈~.(~(♣# ###########
.~.~~.~(..# #.........#
~.~~.♣~.~~####.........#
..≈~~...≈.'..#.........#
~..≈.♣~~~.##.#.........#
#~~~~~~...##........[..#
##~≈.~~~..####.@@...<..#
##..~~@~~# #######.###
♣.....~.## ##...#
####.#### #..### #####.#
###.#### ......#
#......# #####.##
#......#
#..########......#
#.........#......#


You could see Rupert (berserk).

Vanquished Creatures
  Jorgrun (D:12)
  Kirke (D:13)
  A frost giant (D:11)
  An orc warlord (Bailey)
  Snorg (D:10)
  A hydra (D:13)
  3 two-headed ogres
  Sonja (D:11)
  The ghost of croobank the Covert, a novice OpDe of Sif Muna (D:7)
  Pikel (D:6)
  2 deep elf pyromancers
  3 ugly things (D:12)
  A manticore (D:13)
  5 cyclopes
  A cane toad (D:9)
  A komodo dragon (D:11)
  A kobold demonologist (D:13)
  2 trolls
  2 hornets
  7 blink frogs
  2 shadows
  A wraith (D:12)
  10 yaks (D:11)
  A vampire (D:13)
  3 hogs (D:13)
  Grum (D:8)
  A steam dragon (D:8)
  13 vampire mosquitoes
  Menkaure (D:4)
  2 acid dragons
  A warg (D:7)
  3 water moccasins
  2 black bears
  11 orc warriors
  2 wolves (D:8)
  5 ogres
  2 centaurs
  A lemure (D:6)
  A kobold brigand (D:7)
  Blork the orc (D:4)
  A bullfrog (D:8)
  2 gnoll sergeants
  2 scorpions
  12 wights
  26 killer bees
  A howler monkey (D:9)
  Crazy Yiuf (D:2)
  12 orc priests
  7 hounds
  2 iguanas
  12 orc wizards
  A mummy (D:5)
  23 gnolls
  10 adders
  2 white imps
  An ufetubus (D:5)
  3 worms
  3 dart slugs
  53 orcs
  9 endoplasms
  6 giant cockroaches
  11 goblins
  16 hobgoblins
  3 jackals (D:1)
  18 kobolds
  2 quokkas
  10 ball pythons
  2 bats
  4 frilled lizards
  5 rats
361 creatures vanquished.

Notes
Turn   | Place    | Note
-------+----------+-------------------------------------------
     0 | D:1      | DemonSlayer the Demonspawn Earth Elementalist began the
                  | quest for the Orb.
     0 | D:1      | Reached XP level 1. HP: 13/13 MP: 3/3
   144 | D:1      | Discovered your monstrous ancestry.
   144 | D:1      | Gained mutation: You have a pair of small antennae on your
                  | head. [demonic ancestry]
   144 | D:1      | Reached XP level 2. HP: 19/19 MP: 3/5
   625 | D:1      | Gained mutation: Your touch may inflict minor irresistible
                  | damage on your foes. [demonic ancestry]
   625 | D:1      | Reached XP level 3. HP: 18/24 MP: 3/6
  1501 | D:2      | Reached skill level 3 in Spellcasting
  1666 | D:2      | Reached XP level 4. HP: 30/30 MP: 5/8
  1912 | D:2      | Reached XP level 5. HP: 34/35 MP: 4/10
  2134 | D:2      | Identified the +2 robe "Isamor" {rElec Dex+3}
  2417 | D:2      | Found a runed translucent door.
  2418 | D:2      | Noticed Crazy Yiuf
  2753 | D:3      | Reached skill level 4 in Spellcasting
  2981 | D:3      | Found a faded altar of an unknown god.
  3675 | D:3      | Learned a level 2 spell: Passwall
  3679 | D:3      | Learned a level 3 spell: Stone Arrow
  3684 | D:3      | Learned a level 4 spell: Dispel Undead
  3962 | D:4      | Found a shimmering blue altar of Sif Muna.
  3963 | D:4      | Identified the +3 hand crossbow of DemonSlayer's Woe
                  | {antimagic, rC+ Will+}
  3965 | D:4      | Found a sparkling altar of Nemelex Xobeh.
  3971 | D:4      | Noticed Menkaure
  3981 | D:4      | Gained mutation: You have a small tail. [demonic ancestry]
  3981 | D:4      | Reached XP level 6. HP: 41/41 MP: 10/12
  4102 | D:4      | Noticed Blork the orc
  4110 | D:4      | Killed Blork the orc
  4464 | D:4      | Found a hazy altar of Hepliaklqana.
  4465 | D:4      | Found a broken altar of Ashenzari.
  4470 | D:4      | Killed Menkaure
  4471 | D:4      | Reached skill level 5 in Spellcasting
  4471 | D:4      | Reached skill level 5 in Earth Magic
  4471 | D:4      | Gained mutation: You have a pair of antennae on your head.
                  | [demonic ancestry]
  4471 | D:4      | Reached XP level 7. HP: 17/47 MP: 10/14
  5031 | D:4      | Learned a level 4 spell: Petrify
  5057 | D:5      | Entered Level 5 of the Dungeon
  5302 | D:2      | Killed Crazy Yiuf
  5592 | D:5      | Found a staircase to the Ecumenical Temple.
  5613 | D:5      | Found a shadowy altar of Dithmenos.
  5622 | D:5      | Became a worshipper of Dithmenos the Shadowed
  5715 | D:5      | Reached skill level 6 in Spellcasting
  5749 | Temple   | Entered the Ecumenical Temple
  5926 | D:5      | Gained mutation: Spells you cast may paralyse adjacent
                  | enemies. [demonic ancestry]
  5926 | D:5      | Reached XP level 8. HP: 41/53 MP: 12/17
  6352 | D:5      | Found the dreamshard necklace {*Dream Drain}
  6496 | D:5      | Found a snail-covered altar of Cheibriados.
  6539 | D:6      | Reached skill level 1 in Fighting
  6602 | D:6      | Noticed Pikel
  6615 | D:6      | Killed Pikel
  6616 | D:6      | Reached skill level 7 in Spellcasting
  6818 | D:6      | Identified the +0 robe "Gumutson" {Slay+3}
  7064 | D:6      | Reached skill level 1 in Short Blades
  7227 | D:6      | Reached XP level 9. HP: 59/59 MP: 17/20
  7952 | D:7      | Reached * piety under Dithmenos
  8384 | D:7      | Reached skill level 8 in Spellcasting
  8604 | D:7      | Found a runed translucent gate.
  8604 | D:7      | Found a runed translucent gate.
  8604 | D:7      | Found a runed translucent gate.
  8608 | D:7      | Noticed croobank's ghost (novice OpDe)
  9095 | D:7      | Reached skill level 5 in Stealth
  9095 | D:7      | Reached skill level 1 in Conjurations
  9685 | D:8      | Reached ** piety under Dithmenos
  9755 | D:8      | Found a flagged portal.
  9765 | Bailey   | Entered a bailey
  9877 | Bailey   | Noticed an orc warlord
  9921 | Bailey   | Gained mutation: Your touch may inflict irresistible damage
                  | on your foes. [demonic ancestry]
  9921 | Bailey   | Reached XP level 10. HP: 49/67 MP: 14/22
 10034 | Bailey   | Reached skill level 9 in Spellcasting
 10170 | Bailey   | Found a runed translucent gate.
 10171 | Bailey   | Found a runed translucent gate.
 10172 | Bailey   | Found a runed translucent gate.
 10385 | Bailey   | Killed an orc warlord
 10940 | Bailey   | Acquired a +2 pair of boots of stealth
 11356 | D:8      | Noticed Grum
 11364 | D:8      | Killed Grum
 11366 | D:8      | Reached *** piety under Dithmenos
 11917 | D:9      | Found a staircase to the Orcish Mines.
 12245 | D:9      | Found a staircase to the Lair.
 12952 | Lair:1   | Entered Level 1 of the Lair of Beasts
 12970 | Lair:1   | Noticed a cane toad
 13191 | D:9      | Learned a level 1 spell: Sandblast
 13230 | D:9      | Killed a cane toad
 13265 | D:9      | Reached XP level 11. HP: 57/74 MP: 4/24
 14202 | D:10     | Entered Level 10 of the Dungeon
 14304 | D:10     | Noticed Snorg
 14311 | D:10     | Killed Snorg
 15248 | D:10     | Reached **** piety under Dithmenos
 15386 | D:10     | Noticed a two-headed ogre
 15394 | D:10     | Killed a two-headed ogre
 15611 | D:11     | Reached skill level 5 in Conjurations
 15882 | D:11     | Reached skill level 10 in Spellcasting
 16294 | D:11     | Noticed a two-headed ogre
 16298 | D:11     | Killed a two-headed ogre
 16440 | D:11     | Noticed Sonja
 16445 | D:11     | Killed Sonja
 16865 | D:11     | Noticed a frost giant
 16871 | D:11     | Killed a frost giant
 16872 | D:11     | Gained mutation: You have a pair of large antennae on your
                  | head. (SInv) [demonic ancestry]
 16872 | D:11     | Reached XP level 12. HP: 31/81 MP: 13/26
 19142 | D:7      | Killed croobank's ghost
 19827 | D:12     | Noticed a two-headed ogre
 19835 | D:12     | Killed a two-headed ogre
 20070 | D:12     | Reached skill level 1 in Shields
 20268 | D:12     | Noticed Jorgrun
 20278 | D:12     | Killed Jorgrun
 20279 | D:12     | Reached skill level 11 in Spellcasting
 20279 | D:12     | Reached skill level 10 in Earth Magic
 20279 | D:12     | Reached skill level 1 in Evocations
 21063 | D:13     | Found Qocaud's Assorted Antiques.
 21115 | D:13     | Bought a murky clear potion for 31 gold pieces
 21138 | D:13     | Reached skill level 10 in Stealth
 21372 | D:13     | Found Duafemp's Jewellery Shop.
 21458 | D:13     | Noticed a six-headed hydra
 21466 | D:13     | Killed a six-headed hydra
 21582 | D:13     | Noticed Kirke
 22172 | D:13     | Noticed Rupert
 22180 | D:13     | Killed Kirke
 22181 | D:13     | Reached skill level 1 in Throwing
 22181 | D:13     | Reached skill level 1 in Transmutations
 22185 | D:13     | HP: 3/81 [Rupert/+2 great mace of holy wrath (11)]
 22185 | D:13     | Slain by Rupert

Illustrated notes

Levels and vault maps discovered:
D:1:      amcnicky_arrival_abandoned_market, layout_basic,
          chequers_serial_rivers_small_3
D:2:      layout_rooms, uniq_crazy_yiuf_cottage
D:3:      wad_crossroads, layout_basic, shapermc_ecumenical_altar_starsandcircs
D:4:      layout_basic, grunt_temple_overflow_open,
          kennysheep_opposing_triangles, uniq_menkaure, uniq_blork_the_orc
D:5:      layout_basic, chei_slow_surprise, nicolae_dithmenos_shadow_blocks,
          minmay_temple_entry_nine_rooms
D:6:      layout_basic, uniq_pikel
D:7:      layout_gridville, biasface_ghost_orc_armoury
D:8:      layout_cave_pools, serial_column_ruins, column_ruins_square_medium,
          column_ruins_hut_ruined, column_ruins_open_tiny_water,
          column_ruins_open_tiny, column_ruins_grid_3, column_ruins_open_large,
          column_ruins_grid_2, column_ruins_columns_corner, column_ruins_grid_4,
          lightli_bailey_entry_fortress, uniq_grum
D:9:      nicolae_cairo_tiling_large_dashed, layout_loops_corners,
          lair_entry_dummy, minmay_hedge_maze, supply_closet_lemuel
D:10:     layout_loops_cross, uniq_snorg
D:11:     layout_loops_corners, kennysheep_just_a_vault, uniq_sonja
D:12:     layout_loops_corners, uniq_jorgrun
D:13:     layout_roguey, serial_shops, nicolae_shop_hallway_plus, shop,
          chequers_serial_rivers_marsh, drop_trap, uniq_kirke, uniq_rupert
Temple:   eino_temple_lava
Lair:1:   gammafunk_worm_tunnel, layout_cellular_growth, uniq_harold,
          uniq_fannar

Skill      XL: |  1  2  3  4  5  6  7  8  9 10 11 12 |
---------------+-------------------------------------+-----
Earth Magic    | 3 4 5 6 7 8 9 10 | 10.5
Spellcasting   | 3 4 5 6 7 8 9 10 11 | 11.5
Dodging        | 2 3 4 |  4.0
Stealth        | 2 3 5 7 9 10 | 10.5
Fighting       | 1 2 3 |  3.5
Short Blades   | 1 2 3 4 |  4.6
Conjurations   | 1 3 6 |  6.8
Shields        | 2 |  2.3
Evocations     | 1 |  1.1
Throwing       | 1 |  1.0
Transmutations | 1 |  1.0

Action                     |  1- 3 |  4- 6 |  7- 9 | 10-12 || total
---------------------------+-------+-------+-------+-------++-------
  Melee: Unarmed           |     2 |       |       |       ||     2
         Short sword       |     1 |       |       |       ||     1
         Rapier            |       |    20 |    52 |    13 ||    85
         Touch             |       |     2 |     3 |     4 ||     9
         Tailslap          |       |       |     6 |     7 ||    13
         Dagger            |       |       |       |    88 ||    88
  Throw: Throwing net      |       |       |       |     4 ||     4
         Dart              |       |       |       |     9 ||     9
   Cast: Sandblast         |    62 |    96 |   126 |    30 ||   314
         Stone Arrow       |       |       |    45 |   217 ||   262
         Petrify           |       |       |       |     1 ||     1
  Evoke: Wand              |       |       |       |    10 ||    10
    Use: Potion            |     2 |     1 |     4 |     4 ||    11
         Scroll            |     1 |     7 |     8 |     6 ||    22
   Stab: Sleeping          |       |     3 |     8 |    27 ||    38
         Paralysed         |       |       |    32 |    46 ||    78
         Distracted        |       |       |       |     1 ||     1
 Armour: Robe              |     2 |     7 |    41 |    46 ||    96
  Dodge: Dodged            |    21 |    41 |   123 |   101 ||   286
  Block: Other             |       |    10 |     9 |       ||    19
         Reflection        |       |     1 |       |     1 ||     2
         Buckler           |       |       |       |    23 ||    23
